 Dungeon Crawl Stone Soup version 0.24-a0-290-gbb66a67 (webtiles) character file.

Game seed: 18288011690230441920

567 sankara the Slasher (level 7, -5/57 HPs)
             Began as a Minotaur Berserker on May 8, 2019.
             Was a Priest of Trog.
             Slain by an ogre
             ... wielding a +0 giant spiked club
              (14 damage)
             ... on level 5 of the Dungeon.
             The game lasted 00:14:28 (4114 turns).

sankara the Slasher (Minotaur Berserker)            Turns: 4114, Time: 00:14:29

Health: -5/57      AC:  5    Str: 22    XL:     7   Next: 11%
Magic:  6/6        EV: 13    Int:  4    God:    Trog [***...]
Gold:   65         SH:  0    Dex: 11    Spells: 6/6 levels left

rFire    . . .     SeeInvis .   a - +0 falchion
rCold    . . .     Gourm    .   (no shield)
rNeg     . . .     Faith    .   p - +2 leather armour {MR+}
rPois    .         Spirit   .   (helmet restricted)
rElec    .         Reflect  .   (no cloak)
rCorr    .         Harm     .   (no gloves)
MR       +....                  (no boots)
Stlth    ++........             (no amulet)
HPRegen  0.19/turn              (no ring)
MPRegen  0.10/turn              (no ring)

@: berserk cooldown, slowed, very slow
A: retaliatory headbutt, horns 2
a: Berserk, Trog's Hand, Renounce Religion


You were on level 5 of the Dungeon.
You worshipped Trog.
Trog was most pleased with you.
You were near starving.

You visited 1 branch of the dungeon, and saw 5 of its levels.

You collected 219 gold pieces.
You spent 154 gold pieces at shops.

Inventory:

Hand Weapons
 a - a +0 falchion (weapon)
 b - a +0 dagger
   (You took it off a goblin on level 1 of the Dungeon)
 r - a +2 hand axe of flaming
   (You took it off an orc on level 3 of the Dungeon)
Missiles
 e - 119 stones
 o - 21 poisoned needles
 s - 5 tomahawks (quivered)
Armour
 l - a +2 ring mail of cold resistance
   (You took it off Terence on level 2 of the Dungeon)
 p - a +2 leather armour of magic resistance (worn)
   (You took it off an orc on level 4 of the Dungeon)
Jewellery
 g - an uncursed ring of fire {rF+, rC-}
   (You found it on level 3 of the Dungeon)
 j - an uncursed ring of teleportation {+/*tele, !d}
   (You found it on level 2 of the Dungeon)
Wands
 w - a wand of flame (11)
   (You found it on level 4 of the Dungeon)
Scrolls
 d - 2 scrolls of teleportation
 f - a scroll of magic mapping {!r}
 h - 3 scrolls of amnesia
 k - 5 scrolls of identify
 m - a scroll of noise {unknown}
 u - a scroll of fog
 v - 2 scrolls of remove curse
Potions
 i - 2 potions of ambrosia {unknown}
 n - 2 potions of curing
 q - a potion of brilliance {unknown}
 t - a potion of resistance {unknown}
 x - a potion of might {unknown}
 z - 2 potions of heal wounds
Comestibles
 c - 3 rations


   Skills:
 - Level 3.6 Fighting
 * Level 6.8 Long Blades
 - Level 3.0 Throwing
 - Level 2.4 Armour
 + Level 4.3 Dodging
 + Level 2.7 Stealth


You had 6 spell levels left.
You didn't know any spells.
Your spell library was empty.

Dungeon Overview and Level Annotations

Branches:
Dungeon (5/15)
 Temple: D:4-7

Altars:
Qazlal
Sif Muna

Shops:
D:5 *


Innate Abilities, Weirdness & Mutations

You reflexively headbutt those who attack you in melee.
You have a pair of horns on your head.


Message History

A scorpion comes into view.
There is an open door here.
A scorpion is nearby!
The scorpion barely misses you. You furiously retaliate!
You headbutt the scorpion, but do no damage.
You hit the scorpion but do no damage. The scorpion closely misses you.
You furiously retaliate!
You headbutt the scorpion.
You riposte.
You hit the scorpion but do no damage.
The scorpion is lightly wounded.
You hit the scorpion.
The scorpion is heavily wounded.
The scorpion barely misses you.
You hit the scorpion but do no damage.
The scorpion is heavily wounded.
The scorpion stings you.
You closely miss the scorpion.
The scorpion is heavily wounded.
The scorpion closely misses you.
You slash the scorpion!
The scorpion is almost dead.
The scorpion misses you.
You closely miss the scorpion.
The scorpion is almost dead.
The scorpion misses you.
You riposte.
You barely miss the scorpion.
The scorpion is almost dead.
You hit the scorpion.
You kill the scorpion!
Trog accepts your kill.
You have reached level 7!
You start resting.
You are feeling hungry.
You see here a scorpion corpse.
Found a stone staircase leading down.
c - 3 rations (gained 1)
You open the door.
There is an open door here.
HP restored.
Found Gef Coyz's General Store.
There is an entrance to Gef Coyz's General Store here.
u - a scroll of fog;
z - 2 potions of heal wounds
k - 5 scrolls of identify (gained 1) Thank you for shopping at Gef Coyz's General Store!
You can access your shopping list by pressing '$'.
Unknown command.
You open the door.
There is an open door here.
There is an open door here.
There is a stone staircase leading down here.
You open the door.
There is an open door here. 3 gnolls and an ogre come into view.
The gnoll shouts!
There is an open door here.
You close the door.
Okay, then.
You start waiting.
Something unseen opens the door.
Okay, then.
A red film seems to cover your vision as you go berserk!
You feel yourself moving faster!
You feel mighty!
You are feeling very hungry.
You closely miss the gnoll. The gnoll hits you with a +0 flail.
You slash the gnoll!
The gnoll is severely wounded.
You slash the gnoll!
You kill the gnoll!
Trog accepts your kill.
The gnoll shouts!
You hear a shout!
There is an open door here.
Things that are here:
a +0 flail; a gnoll corpse You feel a strong urge to attack something.
Your leather armour prevents you from hitting the gnoll.
You headbutt the gnoll!
The gnoll is heavily wounded.
You closely miss the gnoll.
The gnoll is heavily wounded.
The gnoll closely misses you.
You hit the gnoll. Your headbutt misses the gnoll.
The gnoll is almost dead.
The gnoll hits you but does no damage.
You slash the gnoll!
You kill the gnoll!
Trog accepts your kill.
You slash the gnoll!
You kill the gnoll!
Trog accepts your kill.
You are near starving!
You feel a strong urge to attack something.
You are no longer berserk.
You pass out from exhaustion.
You feel yourself slow down.
The ogre hits you with a +0 giant spiked club!!
The ogre barely misses you.
The ogre hits you with a +0 giant spiked club!!
* * * LOW HITPOINT WARNING * * *
You can move again.
Okay, then.
The ogre hits you with a +0 giant spiked club!
You die...

###'##......#####....
......## #....#......#
...........#
#....#......#
...........#
##...#......####
...........#
###+###+#.....###+####
#.....#....#
#.....#....#
+.....)....#
#.....#@†..#
#.....#.O.##
#....##...#
#....#...........
#....#...........
#....#.....$.....
#....#........(..
#....+...........
#######..###


You could see an ogre.

Vanquished Creatures
  A scorpion (D:5)
  A howler monkey (D:4)
  A crimson imp (D:3)
  An orc priest (D:3)
  5 orc wizards (D:4)
  Terence (D:2)
  4 worker ants
  3 gnolls (D:5)
  5 adders
  5 leopard geckos
  15 orcs
  4 bats
  3 giant cockroaches
  6 goblins
  2 hobgoblins
  6 jackals
  3 quokkas
  2 ball pythons
  4 frilled lizards
  5 kobolds
  5 rats
82 creatures vanquished.

Vanquished Creatures (others)
  A goblin (D:1)
  A rat (D:1)
2 creatures vanquished.

Grand Total: 84 creatures vanquished

Notes
Turn   | Place    | Note
-------+----------+-------------------------------------------
     0 | D:1      | sankara the Minotaur Berserker began the quest for the Orb.
     0 | D:1      | Reached XP level 1. HP: 19/19 MP: 0/0
   273 | D:1      | Reached XP level 2. HP: 21/26 MP: 1/1
   358 | D:1      | Reached skill level 4 in Long Blades
  1041 | D:1      | Reached ** piety under Trog
  1237 | D:2      | Reached skill level 1 in Throwing
  1237 | D:2      | Reached XP level 3. HP: 26/31 MP: 2/2
  1352 | D:2      | You fall through a shaft for 2 floors!
  1360 | D:4      | Reached skill level 1 in Stealth
  1422 | D:4      | Reached skill level 3 in Dodging
  1422 | D:4      | Reached XP level 4. HP: 23/39 MP: 3/3
  1424 | D:4      | Reached skill level 5 in Long Blades
  1429 | D:4      | HP: 9/39 [poisoned by a worker ant]
  1434 | D:4      | HP: 5/39 [poisoned by a worker ant]
  1440 | D:4      | HP: 3/39 [poisoned by a worker ant]
  1446 | D:4      | HP: 2/39 [poisoned by a worker ant]
  2053 | D:2      | Noticed Terence
  2055 | D:2      | Killed Terence
  2055 | D:2      | Reached XP level 5. HP: 45/45 MP: 4/4
  2132 | D:2      | Reached skill level 2 in Throwing
  2573 | D:3      | Reached skill level 2 in Stealth
  2847 | D:3      | Found a stormy altar of Qazlal.
  2973 | D:3      | Reached XP level 6. HP: 50/51 MP: 5/5
  3219 | D:4      | Reached *** piety under Trog
  3219 | D:4      | Reached skill level 6 in Long Blades
  3458 | D:4      | Found a deep blue altar of Sif Muna.
  3656 | D:4      | Reached skill level 4 in Dodging
  3908 | D:4      | Reached skill level 3 in Throwing
  3990 | D:5      | Entered Level 5 of the Dungeon
  4025 | D:5      | Reached XP level 7. HP: 52/57 MP: 6/6
  4047 | D:5      | Found Gef Coyz's General Store.
  4051 | D:5      | Bought a scroll of fog for 22 gold pieces
  4051 | D:5      | Bought 2 potions of heal wounds for 110 gold pieces
  4051 | D:5      | Bought a scroll of identify for 22 gold pieces
  4112 | D:5      | HP: 8/57 [ogre/+0 giant spiked club (28)]
  4114 | D:5      | Slain by an ogre

Levels and vault maps discovered:
D:1:      onia_arrival_pentagram, layout_basic, lemuel_flame_loot_1
D:2:      layout_loops_ring, uniq_terence
D:3:      layout_loops_ring, nicolae_qazlal_eye_of_the_storm
D:4:      layout_loops_ring, minmay_misc_feat_enclosed, led_sif_book
D:5:      layout_gridville, grunt_temple_overflow_open, first_ration,
          serial_shops, nicolae_shop_crystal, serial_bayou_crossing

Skill      XL: |  1  2  3  4  5  6 |
---------------+-------------------+-----
Long Blades    | 4 5 6 |  6.8
Throwing       | 1 2 3 |  3.0
Stealth        | 1 2 |  2.7
Dodging        | 3 4 |  4.3
Fighting       | |  3.6
Armour         | |  2.4

Action                   |  1- 3 |  4- 6 |  7- 9 || total
-------------------------+-------+-------+-------++-------
Melee: Falchion          |    71 |   125 |     8 ||   204
       Headbutt          |     9 |    24 |     1 ||    34
       Long sword        |       |     1 |       ||     1
Invok: Berserk           |     2 |     1 |     1 ||     4
       Trog's Hand       |     1 |       |       ||     1
Evoke: Wand              |       |    10 |       ||    10
  Use: Scroll            |       |     6 |       ||     6
 Stab: Sleeping          |     1 |     2 |       ||     3
  Eat: Chunk             |     3 |     6 |       ||     9
       Ration            |       |     1 |       ||     1
Armor: Animal skin       |    11 |       |       ||    11
       Leather armour    |     5 |    10 |     1 ||    16
       Ring mail         |       |    21 |       ||    21
Dodge: Dodged            |    52 |    81 |     2 ||   135
       Rpst.: Falchion   |    16 |    19 |       ||    35
       Long sword        |       |     2 |       ||     2

Table legend:
 A = Non-vault XP
 B = Vault XP
 C = Vault XP percentage of total XP
 D = Non-vault monster count
 E = Vault monster count
 F = Vault count percentage of total count
                 A         B        C        D         E       F
            +---------+---------+-------+---------+---------+-------
      Total |     702 |     108 |  13.3 |      79 |       3 |   3.7
            +---------+---------+-------+---------+---------+-------
        D:1 |      34 |       0 |   0.0 |      22 |       0 |   0.0
        D:2 |      29 |      36 |  55.4 |      10 |       1 |   9.1
        D:3 |     198 |       0 |   0.0 |      23 |       0 |   0.0
        D:4 |     332 |      72 |  17.8 |      20 |       2 |   9.1
        D:5 |     109 |       0 |   0.0 |       4 |       0 |   0.0
            +---------+---------+-------+---------+---------+-------

Levels and vault maps discovered:
D:1:      onia_arrival_pentagram, layout_basic, lemuel_flame_loot_1
D:2:      layout_loops_ring, uniq_terence
D:3:      layout_loops_ring, nicolae_qazlal_eye_of_the_storm
D:4:      layout_loops_ring, minmay_misc_feat_enclosed, led_sif_book
D:5:      layout_gridville, grunt_temple_overflow_open, first_ration,
          serial_shops, nicolae_shop_crystal, serial_bayou_crossing

Table legend:
 A = Turns spent in this place as a percentage of turns spent in the entire game.
 B = Non-inter-level travel turns spent in this place as a percentage of non-inter-level travel turns spent in the entire game.
 C = Inter-level travel turns spent in this place as a percentage of turns spent in this place.
 D = Turns resting spent in this place as a percentage of non-inter-level travel turns spent in this place.
 E = Turns spent auto-exploring this place as a percentage of non-inter-level travel turns spent in this place.
 F = Non-inter-level travel turns spent in this place divided by the number of levels of this place that you've seen.
                   A       B       C       D       E      F
               +-------+-------+-------+-------+-------+----------------------
         Total | 100.0 | 100.0 |   7.4 |  21.7 |  57.6 | 762.2
       Dungeon | 100.0 | 100.0 |   7.4 |  21.7 |  57.6 | 762.2
               +-------+-------+-------+-------+-------+----------------------

Table legend:
 A = Kills in this place as a percentage of kills in entire the game.
 B = Kills by you in this place as a percentage of kills by you in the entire game.
 C = Kills by friends in this place as a percentage of kills by friends in the entire game.
 D = Other kills in this place as a percentage of other kills in the entire game.
 E = Experience gained in this place as a percentage of experience gained in the entire game.
 F = Experience gained in this place divided by the number of levels of this place that you have seen.
                   A       B       C       D       E      F
               +-------+-------+-------+-------+-------+----------------------
         Total | 100.0 | 100.0 |   N/A |   N/A | 100.0 | 162.0
       Dungeon | 100.0 | 100.0 |   N/A |   N/A | 100.0 | 162.0
               +-------+-------+-------+-------+-------+----------------------
